 Dungeon Crawl Stone Soup version 0.27.1-33-g824d729ab1 (webtiles) character file.

Game seed: 2341210088445639733

44 SensoryNuts the Skirmisher (level 3, -1/33 HPs)
             Began as a Draconian Fighter on Dec 6, 2021.
             Was a Follower of Yredelemnul.
             Slain by an orc wizard (2 damage)
             ... on level 3 of the Dungeon.
             The game lasted 00:02:56 (2179 turns).

SensoryNuts the Skirmisher (Draconian Fighter)      Turns: 2179, Time: 00:02:57

Health: -1/33      AC:  5    Str: 19    XL:     3   Next: 39%
Magic:  3/3        EV: 10    Int:  8    God:    Yredelemnul [*.....]
Gold:   97         SH:  0    Dex: 10    Spells: 2/2 levels left

rFire    . . .     SeeInvis .   a - +0 long sword
rCold    . . .     Faith    .   b - +0 kite shield
rNeg     . . .     Spirit   .   (armour unavailable)
rPois    .         Reflect  .   (helmet restricted)
rElec    .         Harm     .   (no cloak)
rCorr    .         Rampage  .   (no gloves)
Will     .....                  (no boots)
Stlth    +.........             (no amulet)
HPRegen  0.11/turn              (no ring)
MPRegen  0.08/turn              (no ring)

@: confused, mighty
A: AC +5, unfitting armour, cold-blooded
a: Renounce Religion, Animate Remains


You were on level 3 of the Dungeon.
You worshipped Yredelemnul.
Yredelemnul was aware of your devotion.
You visited 1 branch of the dungeon, and saw 3 of its levels.

You collected 97 gold pieces.

Inventory:

Hand Weapons
 a - a +0 long sword (weapon)
 p - a +0 mace
Missiles
 l - a throwing net (quivered)
Armour
 b - a +0 kite shield (worn)
Jewellery
 k - an amulet of guardian spirit
 n - a ring of ice
Scrolls
 d - a scroll of magic mapping {unknown}
 e - a scroll of summoning {unknown}
 f - 2 scrolls of fog {unknown}
 g - a scroll of noise {unknown}
 h - 3 scrolls of identify {unknown}
Potions
 j - a potion of curing
 m - a potion of mutation {unknown}
 o - 2 potions of flight {unknown}


   Skills:
 + Level 3.8 Fighting
 + Level 2.3 Long Blades
 + Level 3.1 Dodging
 + Level 0.2 Stealth
 + Level 3.4 Shields


You had 2 spell levels left.
You didn't know any spells.
Your spell library contained the following spells:

 Spells                   Type           Power      Damage    Failure   Level
 Ozocubu's Armour         Ice            0%         N/A       99%         3
 Metabolic Englaciation   Hex/Ice        0%         N/A       100%        5
 Simulacrum               Ice/Necr       0%         N/A       100%        6


Dungeon Overview and Level Annotations

Branches:
Dungeon (3/15)

Altars:
Yredelemnul


Innate Abilities, Weirdness & Mutations

Your plain brown scales are hard. (AC +5)
You cannot fit into any form of body armour.
You are cold-blooded and may be slowed by cold attacks.


Message History

Your orc zombie misses the orc wizard.
You closely miss the orc wizard.
The orc wizard is severely wounded.
The orc wizard barely misses your orc zombie.
Something hits you but does no damage.
The orc wizard mumbles some strange words.
The orc wizard flickers and vanishes!
You block the orc wizard's attack.
The orc wizard points at your orc zombie and mumbles some strange words.
Your orc zombie resists with significant effort.
Your orc zombie misses the orc wizard.
Something hits you.
* * * LOW HITPOINT WARNING * * *
Something hits you but does no damage.
The orc wizard hits you but does no damage.
You miss something.
The orc wizard hits your orc zombie with a +2 dagger of venom.
Something hits you but does no damage.
You hear some strange, mumbled words.
Something tries to affect you, but you resist.
Your orc zombie barely misses the orc wizard.
The orc wizard barely misses you.
You closely miss something.
The orc wizard gestures at your orc zombie while chanting.
Your orc zombie appears confused.
Something hits you but does no damage.
You hear some strange, mumbled words.
You are confused.
The orc wizard hits you with a +0 dagger.
* * * LOW HITPOINT WARNING * * *
Your orc zombie hits the orc wizard but does no damage.
The orc wizard hits your orc zombie with a +2 dagger of venom.
Something hits you but does no damage.
You hear some strange, mumbled words.
A puff of flame appears from out of thin air!
The puff of flame hits you.
* * * LOW HITPOINT WARNING * * *
The orc wizard hits you with a +0 dagger.
* * * LOW HITPOINT WARNING * * *
You bump into the rock wall.
Something hits you.
You die...
Your body rises from the dead as a mindless zombie.

#.#.( #.#.# ..##≈ #.#.#
#..≈ #.#.# #..### ##
#.#.# #....##≈≈.
#.#.#########.........
###.#.##.....>.o...!...#
..............Z........#
.(..#..........{@)#
...>.(#..#####.##o#
###.###..# #.# .# #.#
#..# #.# .. #.# #... ...
### #.# #.### #.# #.#
#.# #.# .# #.#


You could see 2 orc wizards and a friendly orc zombie (confused).

Vanquished Creatures
  2 dart slugs
  A worm (D:2)
  2 orcs (D:3)
  2 endoplasms
  A giant cockroach (D:2)
  3 goblins (D:1)
  5 hobgoblins
  4 quokkas
  4 ball pythons
  4 bats
  2 frilled lizards (D:1)
  3 kobolds
  2 rats
35 creatures vanquished.

Vanquished Creatures (others)
  A hobgoblin zombie (D:3)
1 creature vanquished.

Grand Total: 36 creatures vanquished

Notes
Turn   | Place    | Note
-------+----------+-------------------------------------------
     0 | D:1      | SensoryNuts the Draconian Fighter began the quest for the
                  | Orb.
     0 | D:1      | Reached XP level 1. HP: 19/19 MP: 1/1
   267 | D:1      | Reached XP level 2. HP: 16/27 MP: 2/2
  1286 | D:2      | Found a faded altar of an unknown god.
  1304 | D:2      | Reached XP level 3. HP: 31/33 MP: 3/3
  1305 | D:2      | Became a worshipper of Yredelemnul the Dark
  1305 | D:2      | Reached * piety under Yredelemnul
  2178 | D:3      | HP: 1/33 [orc wizard (1)]
  2179 | D:3      | Slain by an orc wizard

Illustrated notes

Levels and vault maps discovered:
D:1:      grunt_arrival_lava_bath, layout_loops_cross, kennysheep_pointless_box
D:2:      layout_basic, ebering_ecumenical_altar_webs
D:3:      layout_loops_ring, serial_shops, shop_statue, minivault_4,
          minmay_statues_item

Skill      XL: |  1  2 |
---------------+-------+-----
Dodging        | 3 |  3.1
Fighting       | |  3.8
Long Blades    | |  2.3
Stealth        | |  0.2
Shields        | |  3.4

Action                   || total
-------------------------++-------
Melee: Long sword        ||    86
       Tailslap          ||    11
Invok: Animate Remains   ||     3
  Use: Potion            ||     4
Armor: Skin              ||    35
Dodge: Dodged            ||    44
Block: Kite shield       ||    49
       Rpst.: Long sword ||    11
